 Dungeon Crawl Stone Soup version 0.18-b1-18-g7758cf2 (webtiles) character file.

91 otab the Skirmisher (level 4, -1/63 HPs)
             Began as a Naga Fighter on May 2, 2016.
             Slain by a gnoll
             ... wielding a +0 spear
              (3 damage)
             ... on level 3 of the Dungeon.
             The game lasted 00:02:39 (1711 turns).

otab the Skirmisher (Naga Fighter)                  Turns: 1711, Time: 00:02:40

Health: -1/63      AC: 22    Str: 22 (23) XL:     4   Next: 59%
Magic:  4/4        EV:  1    Int: 11 (14) God:
Gold:   110        SH:  0    Dex: 10 (11) Spells: 0 memorised, 3 levels left

rFire  . . .     SeeInvis +     s - +0 great sword
rCold  . . .     Gourm    .     (armour currently unavailable)
rNeg   + + +     Faith    .     (shield currently unavailable)
rPois  +         Spirit   .     (helmet currently unavailable)
rElec  .         Dismiss  .     (cloak currently unavailable)
rCorr  .         Reflect  .     (gloves currently unavailable)
SustAt .         Harm     .     (no barding)
MR     .....     NoTele   +     (no amulet)
Stlth  +.........               (no ring)
                                (no ring)

@: mighty, brilliant, lethally poisoned (-1 -> -4), short of breath, tree-form,
not resistant to hostile enchantments, very unstealthy
A: see invisible, (deformed body), (poison resistance), (slowness 0), slow
metabolism 1, spit poison 2, AC +1
a: Spit Poison


You were on level 3 of the Dungeon.
You were not hungry.
You were a tree.
You visited 1 branch of the dungeon, and saw 3 of its levels.

You collected 110 gold pieces.

Inventory:

Hand Weapons
 a - a +0 long sword
 s - a +0 great sword (weapon)
Armour
 c - a +0 shield
 h - a +0 helmet (melded)
 l - a cursed +0 troll leather armour (melded)
Jewellery
 e - an uncursed ring of see invisible {unknown}
Wands
 q - a wand of digging (10/24)
Scrolls
 b - a scroll of random uselessness {unknown}
 g - a scroll of immolation {unknown}
 j - a scroll of teleportation {unknown}
 m - a scroll of remove curse {unknown}
 o - 2 scrolls of blinking {unknown}
Potions
 i - a potion of brilliance
Comestibles
 f - 3 bread rations
 r - 2 meat rations


   Skills:
 + Level 3.4 Fighting
 * Level 2.8 Long Blades
 + Level 2.8 Armour
 + Level 1.0 Dodging
 + Level 3.0 Shields


You had 3 spell levels left.
You didn't know any spells.

Dungeon Overview and Level Annotations

Branches:
Dungeon (3/15)

Altars:
Sif Muna
Yredelemnul


Innate Abilities, Weirdness & Mutations

You cannot wear boots.
((Your serpentine skin is tough (AC +1).))
You have supernaturally acute eyesight.
((Armour fits poorly on your strangely shaped body.))
((Your system is resistant to poisons.))
((You cover ground very slowly.))
You have a slow metabolism.
You can spit poison.


Message History

Unknown command.
You barely miss the adder.
* * * LOW HITPOINT WARNING * * *
You feel sick.
The adder bites you but does no damage. x2
The gnoll hits you but does no damage.
Unknown command.
Unknown command.
Press: ? - help, Shift-Dir - straight line, f - adder
Aim: an adder The splash of poison misses the adder.
The splash of poison hits the gnoll.
The gnoll is poisoned.
The gnoll is severely wounded.
You feel slightly more hungry. The adder bites you but does no damage.
The gnoll hits you but does no damage. The adder bites you but does no damage.
Unknown command.
You closely miss the adder.
* * * LOW HITPOINT WARNING * * *
You feel sick. The adder bites you but does no damage.
The gnoll hits you from afar with a spear.
You die...

##### ############....
.............#
######.<.##..#########
#.#..(...........
####.#.##...###.....
#....#..............
#.#.....#...♣####
........)...#S# ##.#.
.........#..#g#......
#.#.........†gg.#
.#.#............g....
..............####...
................ ..
###..########### #..


You could see 3 gnolls and an adder.

Vanquished Creatures
  Jessica (D:2)
  2 adders (D:2)
  An ooze (D:1)
  A dart slug (D:1)
  A giant gecko (D:2)
  An orc (D:3)
  3 giant cockroaches (D:1)
  6 goblins
  4 hobgoblins
  3 jackals (D:2)
  4 kobolds
  A ball python (D:1)
  5 bats
  A giant newt (D:1)
  5 rats (D:1)
39 creatures vanquished.

Notes
Turn   | Place    | Note
--------------------------------------------------------------
     0 | D:1      | otab the Naga Fighter began the quest for the Orb.
     0 | D:1      | Reached XP level 1. HP: 21/21 MP: 1/1
   134 | D:1      | Reached XP level 2. HP: 25/28 MP: 2/2
   507 | D:1      | Reached XP level 3. HP: 34/34 MP: 3/3
  1057 | D:2      | Found a basalt altar of Yredelemnul.
  1089 | D:2      | Noticed Jessica
  1099 | D:2      | Killed Jessica
  1099 | D:2      | Reached XP level 4. HP: 39/42 MP: 4/4
  1336 | D:2      | Found a deep blue altar of Sif Muna.
  1692 | D:3      | Reached skill level 1 in Dodging
  1708 | D:3      | HP: 3/63 [gnoll/spear (5)]
  1711 | D:3      | Slain by a gnoll

Skill      XL: |  1  2  3  4 |
---------------+-------------+-----
Shields        | 3 |  3.0
Dodging        | 1 |  1.0
Fighting       | |  3.4
Long Blades    | |  2.8
Armour         | |  2.8

Action                   |  1- 3 |  4- 6 || total
-------------------------+-------+-------++-------
Melee: Long sword        |    94 |    47 ||   141
       Great sword       |       |     8 ||     8
 Abil: Spit Poison       |       |     1 ||     1
  Use: Potion            |       |     6 ||     6
  Eat: Chunk             |       |     2 ||     2
Armor: Scale mail        |    25 |       ||    25
       Troll leather arm |    20 |    24 ||    44
       Skin              |       |    12 ||    12
Dodge: Dodged            |    27 |    25 ||    52
Block: Shield            |    45 |    31 ||    76
